Cogmind - Beta 12 *** ADVENTURER MODE // 2024.01.04 @ 19:25:12 Player: martinuzz Result: Destroyed by as-22619 with Assembled Rifle Performance ------------- Evolutions (0) 0 Regions Visited (4) 800 Robots Destroyed (34) 170 Value Destroyed (480) 480 Prototype IDs (2) 40 Alien Tech Used (0) 0 Bonus (266) 266 TOTAL SCORE: 1756 Bonus ------- Aligned with FarCom 300 Friendly Fire -34 Cogmind --------- Core Integrity 0/250 Matter 217/300 Energy 80/125 System Corruption 0% Temperature Warning (344) Movement Core (550) Ox10 Location -9/Mines Parts ------- > --- POWER (1) -------- Light Ion Engine > --- PROPULSION (2) --- (None) > --- UTILITY (2) ------ Large Storage Unit Signal Interpreter > --- WEAPON (2) ------- Beamcaster Rocket Launcher > --- INVENTORY (15) --- Light Fission Core Light Fission Core Improved Heat Sink High-capacity Matter Pod (200) Improved Terrain Scanner Modified TNC Authchip [R/Combat] Small Laser Heavy Assault Rifle Heavy Assault Rifle Heavy Assault Rifle Peak State ------------ > --- POWER ------------ Light Ion Engine > --- PROPULSION ------- Light Treads Light Treads > --- UTILITY ---------- Large Storage Unit Signal Interpreter > --- WEAPON ----------- Particle Gun Heavy Assault Rifle > --- INVENTORY -------- Light Ion Engine Light Ion Engine Light Fission Core Light Fission Core High-capacity Matter Pod Improved Terrain Scanner Modified TNC Authchip [R/Combat] Small Laser Beamcaster Heavy Assault Rifle Heavy Assault Rifle Heavy Assault Rifle Rocket Launcher [Rating: 13] Favorites ----------- Power Light Ion Engine Engine Light Ion Engine Propulsion Light Treads Treads Light Treads Utility Large Storage Unit Device Improved Terrain Scanner Storage Large Storage Unit Processor Signal Interpreter Weapon Particle Gun Energy Gun Particle Gun Ballistic Gun Heavy Assault Rifle Launcher Grenade Launcher Build | -11 -10 -10 -10 -9 ------- Run | Jun Mat Min Exi Min Slots Evolved . | . . . . . Power . | . . . . . Propulsion . | . . . . . Utility . | . . . . . Weapon . | . . . . . Parts Attached 22 | 7 8 1 . 6 Power 4 | 1 . 1 . 2 Engine 4 | 1 . 1 . 2 Core . | . . . . . Reactor . | . . . . . Propulsion 4 | 2 2 . . . Treads 4 | 2 2 . . . Leg . | . . . . . Wheel . | . . . . . Hover . | . . . . . Flight . | . . . . . Utility 4 | 2 2 . . . Device 1 | 1 . . . . Storage 2 | 1 1 . . . Processor 1 | . 1 . . . Hackware . | . . . . . Protection . | . . . . . Artifact . | . . . . . Weapon 10 | 2 4 . . 4 Energy Gun 3 | . 1 . . 2 Energy Cannon . | . . . . . Ballistic Gun 4 | 2 2 . . . Ballistic Cannon . | . . . . . Launcher 3 | . 1 . . 2 Special Weapon . | . . . . . Impact Weapon . | . . . . . Slashing Weapon . | . . . . . Piercing Weapon . | . . . . . Special Melee Weapon . | . . . . . Unidentified Prototypes . | . . . . . Parts Lost 6 | . . . . 6 Power 2 | . . . . 2 Propulsion 2 | . . . . 2 Utility . | . . . . . Weapon 2 | . . . . 2 Highest Loss Streak 6 | . . . . 6 To Critical Strikes . | . . . . . Average Slot Usage (%) 99 | . 99 100 100 98 Engine 14 | . 14 14 14 14 Treads 27 | . 27 28 28 26 Device 2 | . 9 . . . Storage 14 | . 14 14 14 14 Processor 11 | . 4 14 14 14 Energy Gun 11 | . 5 14 14 14 Ballistic Gun 15 | . 19 14 14 13 Naked Turns . | . . . . . Heaviest Build 31 | 13 31 31 29 29 Greatest Support 40 | 40 40 40 40 40 Greatest Overweight (x) . | . . . . . Average Overweight (x) . | . . . . . Largest Inventory Capacity 15 | 8 15 15 15 15 Average Capacity 14 | 6 14 15 15 15 Most Carried 15 | 5 11 12 15 15 Average Carried 10 | 4 7 11 12 14 Final Capacity 15 | 8 15 15 15 15 Final Carried 15 | 5 11 11 15 11 Class Distribution -------------------- 100% | Mutant Dominant Class ---------------- Mutant | -10/Materials Mutant | -10/Mines Mutant | -10/Exiles Mutant | -9/Mines Resources | -11 -10 -10 -10 -9 ----------- Run | Jun Mat Min Exi Min Matter Collected 599 | 288 214 58 . 39 Remotely . | . . . . . Salvage Created 924 | 99 500 107 . 218 Parts 63 | 4 33 13 . 13 Haulers Intercepted 2 | . 2 . . . Recyclers Shooed 1 | . 1 . . . Parts Field Recycled . | . . . . . Retrieved Matter . | . . . . . Parts Self-Destructed . | . . . . . Prevented . | . . . . . Kills | -11 -10 -10 -10 -9 ------- Run | Jun Mat Min Exi Min Combat Hostiles Destroyed 28 | . 8 6 . 14 Guns 25 | . 8 6 . 11 AOE 3 | . . . . 3 Classes Destroyed 9 | 2 5 . . 2 Worker 1 | . . . . 1 Builder 1 | . 1 . . . Tunneler 2 | 1 . 1 . . Hauler 2 | . 2 . . . Recycler 3 | 1 2 . . . Watcher 3 | . 3 . . . Swarmer 16 | . 4 6 . 6 Grunt 6 | . 4 . . 2 Assembled 6 | . . . . 6 Best Kill Streak 7 | 1 4 3 . 7 Combat Bots Only 6 | . 4 3 . 6 Max Kills in Single Turn 3 | 1 2 1 . 3 Gunslinging . | . . . . . Exploded 2 | . . . . 2 Melee . | . . . . . Uniques/NPCs Destroyed . | . . . . . Combat | -11 -10 -10 -10 -9 -------- Run | Jun Mat Min Exi Min Damage Taken 1151 | . 260 118 . 773 Core 257 | . 41 32 . 184 Absorbed by Shields . | . . . . . Regen/Repaired (Parts) 118 | . 118 . . . Core Remaining (%) 100 | 100 . . . . Volleys Fired 88 | 9 38 16 . 25 Largest 2 | 2 2 2 . 2 Hottest 140 | 40 88 88 . 140 Shots Fired 170 | 18 76 30 . 46 Gun 161 | 18 70 30 . 43 Cannon . | . . . . . Launcher 9 | . 6 . . 3 Special . | . . . . . Kinetic 118 | 18 66 16 . 18 Thermal 43 | . 4 14 . 25 Explosive 9 | . 6 . . 3 Electromagnetic . | . . . . . Robot Hit Streak 23 | 13 22 23 . 6 Robot Miss Streak 3 | 1 3 2 . 3 Penetration Max . | . . . . . Secondary Targets 2 | . 1 . . 1 Max Gunslinging Chain 1 | . 1 . . 1 Shots Hit Robots 114 | 15 54 17 . 28 Core Hits 60 | 6 27 8 . 19 Critical Kills . | . . . . . Critical Parts Destroyed . | . . . . . Critical Strikes 1 | . . . . 1 Burn 1 | . . . . 1 Melee Attacks . | . . . . . Impact . | . . . . . Slashing . | . . . . . Piercing . | . . . . . Sneak Attacks . | . . . . . Combat Hostiles . | . . . . . Follow-up Attacks . | . . . . . Damage Inflicted 1840 | 115 709 296 . 720 Guns 1301 | 115 445 296 . 445 Cannons . | . . . . . Explosions 532 | . 257 . . 275 Melee . | . . . . . Ramming 7 | . 7 . . . Kinetic 839 | 115 381 173 . 170 Thermal 462 | . 64 123 . 275 Explosive 532 | . 257 . . 275 Electromagnetic . | . . . . . Impact . | . . . . . Slashing . | . . . . . Piercing . | . . . . . Highest Corruption . | . . . . . Average Corruption . | . . . . . Corruption Purged . | . . . . . Corruption Blocked . | . . . . . Overload Shots . | . . . . . Overflow Damage 23 | . . . . 23 Projectiles . | . . . . . Explosions 23 | . . . . 23 Melee . | . . . . . Knockbacks . | . . . . . Impact . | . . . . . Kinetic . | . . . . . Secondary . | . . . . . Self-Inflicted Damage 36 | . 4 . . 32 Shots 2 | . 1 . . 1 Rammed 3 | . 3 . . . Targets Rammed 3 | . 3 . . . Kicked . | . . . . . Crushed . | . . . . . Highest Temperature 344 | . 60 189 . 344 Average Temperature 64 | . 17 62 . 82 Received Heat Transfer 163 | . 57 . . 106 Siege Activations . | . . . . . Robots Corrupted . | . . . . . Combat Hostiles . | . . . . . Parts Fried . | . . . . . Impact Corruptions . | . . . . . Robots Melted . | . . . . . Combat Hostiles . | . . . . . Parts Melted . | . . . . . Heat Transferred 1110 | . 148 296 . 666 Parts Sabotaged . | . . . . . Parts Stolen . | . . . . . Parts Stripped . | . . . . . Power Chain Reactions . | . . . . . Missiles Intercepted . | . . . . . Alert | -11 -10 -10 -10 -9 ------- Run | Jun Mat Min Exi Min Peak Influence 233 | 10 233 169 . 140 Initial 31 | . 5 31 . . Average 62 | 4 80 56 . 57 Maximum Alert Level 1 | . 1 . . . Low Security (%) 92 | 100 80 100 . 100 Level 1 7 | . 19 . . . Level 2 . | . . . . . Level 3 . | . . . . . Level 4 . | . . . . . Level 5 . | . . . . . High Security . | . . . . . Max Security . | . . . . . Squads Dispatched 2 | . 2 . . . Investigation 2 | . 2 . . . Extermination . | . . . . . Reinforcement . | . . . . . Assault . | . . . . . Garrison . | . . . . . Intercept . | . . . . . Searches Triggered . | . . . . . Construction Impeded . | . . . . . Haulers Reinforced . | . . . . . Active Scanning Responses . | . . . . . Cargo Convoy Interrupts . | . . . . . Stealth | -11 -10 -10 -10 -9 --------- Run | Jun Mat Min Exi Min Distress Signals 1 | . 1 . . . Communications Jammed . | . . . . . Distress Signals . | . . . . . Times Spotted 50 | . 16 8 . 26 Peak Tracking Total 10 | . 7 3 . 10 Tactical Retreats 1 | . . 1 . . Traps | -11 -10 -10 -10 -9 ------- Run | Jun Mat Min Exi Min Traps Triggered 3 | . 3 . . . Indirectly . | . . . . . Trap Hack Attempts . | . . . . . Triggered . | . . . . . Disarmed . | . . . . . Reprogrammed . | . . . . . Reused . | . . . . . Traps Extracted . | . . . . . Installed . | . . . . . Triggered . | . . . . . Machines | -11 -10 -10 -10 -9 ---------- Run | Jun Mat Min Exi Min Machines Disabled 1 | . . 1 . . Max in Single Turn . | . . . . . Machines Repaired . | . . . . . Machines Sabotaged . | . . . . . Overloaded Fab Kills . | . . . . . Hacking | -11 -10 -10 -10 -9 --------- Run | Jun Mat Min Exi Min Machines Accessed 12 | . 6 2 4 . Terminals 7 | . 5 2 . . Fabricators . | . . . . . Repair Stations 1 | . 1 . . . Recycling Units . | . . . . . Scanalyzers . | . . . . . Garrison Access . | . . . . . Total Hacks 81 | . 27 5 49 . Successful 72 | . 20 3 49 . Failed 9 | . 7 2 . . Catastrophic 2 | . 2 . . . Database Lockouts . | . . . . . Manual 1 | . . . 1 . Terminals 24 | . 19 5 . . Fabricators . | . . . . . Repair Stations 8 | . 8 . . . Recycling Units . | . . . . . Scanalyzers . | . . . . . Garrison Access . | . . . . . Terminal Hacks 66 | . 14 3 49 . Record 51 | . 1 1 49 . Prototype ID Bank 2 | . 2 . . . Branch Access Points 1 | . 1 . . . Emergency Access Points 1 | . 1 . . . Alert Level 3 | . 3 . . . Unreport Threat 1 | . 1 . . . Dispatch Records 1 | . . 1 . . Maintenance Status 1 | . 1 . . . Transport Status 2 | . 2 . . . Hauler Manifests 1 | . 1 . . . Zone Layout 2 | . 1 1 . . Fabricator Hacks . | . . . . . Repair Station Hacks 6 | . 6 . . . Scan Component 3 | . 3 . . . Repair 3 | . 3 . . . Recycling Unit Hacks . | . . . . . Scanalyzer . | . . . . . Garrison Access Hacks . | . . . . . Unauthorized Hacks . | . . . . . Terminals . | . . . . . Fabricators . | . . . . . Repair Stations . | . . . . . Recycling Units . | . . . . . Scanalyzers . | . . . . . Garrison Access . | . . . . . Data Cores Recovered . | . . . . . Used . | . . . . . Hacking Detections 6 | . 4 2 . . Full Trace Events 1 | . 1 . . . Feedback Events . | . . . . . Feedback Blocked . | . . . . . Robot Schematics Acquired . | . . . . . Robots Built . | . . . . . Authchips . | . . . . . Time . | . . . . . Total Robot Build Rating . | . . . . . Part Schematics Acquired . | . . . . . Parts Built . | . . . . . Authchips . | . . . . . Time . | . . . . . Total Part Build Rating . | . . . . . Parts Repaired 3 | . 3 . . . Time 90 | . 90 . . . Parts Recycled . | . . . . . Recycled Matter . | . . . . . Retrieved Matter . | . . . . . Retrieved Components . | . . . . . Parts Scanalyzed . | . . . . . Part Schematics Acquired . | . . . . . Parts Damaged . | . . . . . Bothacking | -11 -10 -10 -10 -9 ------------ Run | Jun Mat Min Exi Min Used RIF Installer . | . . . . . Robots Hacked . | . . . . . Non-combat . | . . . . . Combat . | . . . . . Robot Hacks Applied . | . . . . . Relay Couplers Released . | . . . . . Fabnet Peak Effective % . | . . . . . Robots Rewired . | . . . . . Allies Hacked . | . . . . . Hacks Repelled . | . . . . . Allies | -11 -10 -10 -10 -9 -------- Run | Jun Mat Min Exi Min Total Allies 2 | . . 2 . . Largest Group 2 | . . 2 2 . Highest-Rated Group 45 | . . 45 45 . Highest-Rated Ally 31 | . . 31 31 . Total Orders . | . . . . . Ally Attacks 8 | . . 8 . . Total Damage 62 | . . 62 . . Kills . | . . . . . Allies Corrupted . | . . . . . Allies Melted . | . . . . . Intel | -11 -10 -10 -10 -9 ------- Run | Jun Mat Min Exi Min Robot Analysis Total . | . . . . . Derelict Logs Recovered 3 | . . 2 . 1 Drone Launches . | . . . . . Drone Recoveries . | . . . . . Exploration | -11 -10 -10 -10 -9 ------------- Run | Jun Mat Min Exi Min Turns Passed 4243 | 166 1130 1177 1160 610 Spaces Moved 2399 | 86 572 698 723 320 Core 12 | 12 . . . . Treads 2387 | 74 572 698 723 320 Legs . | . . . . . Wheels . | . . . . . Hover . | . . . . . Flight . | . . . . . Fastest Speed 50 | 50 160 160 160 160 Average Speed 159 | 144 160 160 160 160 Slowest Speed 160 | 160 160 160 160 160 Overloaded Moves . | . . . . . Propulsion Burnouts . | . . . . . Robots Hopped . | . . . . . Cave-ins Triggered . | . . . . . Exploration Rate (%) 67 | 4 83 98 91 61 Regions Visited 4 Branch Regions 3 Pre-discovered Areas 2 | . . 1 1 . Known Exits Taken 3 | . 1 1 1 . Unknown Exits Taken 1 | 1 . . . . Scrap Searched 3 | . . 1 . 2 Spaces Dug . | . . . . . Terrain Destroyed 57 | . 41 . . 16 Melee . | . . . . . Projectile 1 | . . . . 1 AOE 56 | . 41 . . 15 Terrain Rammed . | . . . . . Walls Destroyed . | . . . . . Machines Disabled . | . . . . . Actions | -11 -10 -10 -10 -9 --------- Run | Jun Mat Min Exi Min Total 2661 | 113 722 728 726 372 Wait 106 | . 81 12 . 13 Move 2395 | 85 571 697 722 320 Hop . | . . . . . Pick Up 36 | 12 15 1 4 4 Fast Attach . | . . . . . Attach 13 | 7 2 . . 4 Detach . | . . . . . Swap 9 | . 6 1 . 2 Drop 11 | . 6 1 . 4 Fire 88 | 9 38 16 . 25 Melee . | . . . . . Ram . | . . . . . Kick . | . . . . . Crush 3 | . 3 . . . Escape Stasis . | . . . . . Rewire . | . . . . . Trap . | . . . . . Miscellaneous . | . . . . . Route ------- -11/Junkyard -10/Materials (discovered 4 exits: *Mat x2 / *Min x2) -10/Mines (discovered 3 exits: *Mat x2 / *Exi) -10/Exiles (discovered 2 exits: *Min x2) -9/Mines History --------- Turn | Location | Event 8 | -11/Junkyard | Discovered new exit (range 15) 167 | -11/Junkyard | Entered Materials 301 | -10/Materials | Build established: Mutant 388 | -10/Materials | Discovered new exit (range 8) 551 | -10/Materials | Identified exit to Mines 820 | -10/Materials | Discovered new exit (range 14) 1107 | -10/Materials | Repaired Lgt. Treads 1135 | -10/Materials | Repaired Lgt. Treads 1175 | -10/Materials | Repaired Imp. Terrain Scanner 1297 | -10/Materials | Entered Mines 1305 | -10/Mines | Identified exit to Materials 1455 | -10/Mines | Learned location of Storage (-9) 2048 | -10/Mines | Deemed a non-threat by the Exiles lab entrance 2048 | -10/Mines | Discovered new exit (range 5) 2052 | -10/Mines | Identified exit to Exiles 2108 | -10/Mines | Discovered exit to Materials (range 10) 2313 | -10/Mines | Joined a pair of Derelicts in attacking an 0b10 outpost 2474 | -10/Mines | Entered Exiles 2474 | -10/Exiles | Accompanied by 2 allies 2504 | -10/Exiles | Led the pair of lost Derelicts to a safe place 2513 | -10/Exiles | Discovered new exit (range 14) 2561 | -10/Exiles | Met 8R-AWN 2583 | -10/Exiles | Met EX-HEX 2630 | -10/Exiles | Met EX-BIN 2652 | -10/Exiles | Aligned with FarCom system 2654 | -10/Exiles | Given EX-Vault access code 2756 | -10/Exiles | Met EX-DEC 2767 | -10/Exiles | Learned location of Zion (-7) 2815 | -10/Exiles | Discovered new exit (range 10) 2828 | -10/Exiles | Identified exit to Mines 3000 | -10/Exiles | Visited The Gauntlet 3271 | -10/Exiles | Opened EX-Vault 3279 | -10/Exiles | Found Prototype Processor 3315 | -10/Exiles | Warned to stay clear of 0b10 Research branches 3634 | -10/Exiles | Left Exiles lab with Modified TNC 3634 | -10/Exiles | Entered Mines 3652 | -9/Mines | Met a Derelict bent on vengeance 3681 | -9/Mines | Learned location of 1 exit from Materials 4018 | -9/Mines | Found a hidden stash of uninstalled traps 4170 | -9/Mines | Assembled infested the area 4175 | -9/Mines | Assisted by a Guerilla fighting off Assembled 4188 | -9/Mines | Core integrity fell below 50% 4221 | -9/Mines | Core integrity fell below 20% 4244 | -9/Mines | Destroyed by as-22619 with Assembled Rifle Last Messages --------------- 04209_ 23-ZPD(h) destroyed. 04210_ K-01 Serf collects debris. 04217_ Lgt. Treads destroyed. 04220_ The unstable cave ceiling collapses. 04220_ K-01 Serf destroyed. 04220_ Destroyed Asb. Hover Unit. 04220_ as-62601 destroyed. 04220_ as-35268 destroyed. 04220_ Hvy. Assault Rifle destroyed. 04220_ Destroyed Hvy. Assault Rifle. 04222_ The unstable cave ceiling collapses. 04222_ Lgt. Treads destroyed. 04223_ as-66425 destroyed. 04223_ Destroyed Asb. Hover Unit. 04227_ as-94001 destroyed. 04233_ as-50024 suffers critical hit (Burn). 04236_ as-50024 destroyed. 04237_ The unstable cave ceiling collapses. 04238_ Lgt. Ion Engine destroyed. 04240_ Particle Gun destroyed. Map ----- +----------------------------------------------------+ | ???????# #??????????????????????????? | | ???????## #??????????????????????????? | | ?#####??## # #??????????????????????????? | | ## =%##??# ### ##??????????????????????????? | | = !=##?# #?## #???????????????????????????? | | #?# #??## #???????????????????????????? | | =### #???# #?###???????????????????????? | | %*=%= #???## ##?# ???????????????????????? | | =[%[ #????## #??# #???????????????????????? | | %######?????# #?## #???????????????????????? | | ###?????###### ### ##???###????????????????? | | ##???????# ## #### ##???????????????? | | ###????????# ## #???????????????? | | ######??????# ####### ! #???????????????? | | #### ##????# #?????### [#???????????????? | | #?# ##???# #???????## ##???????????????? | | ??# ##??# #????????# #?????????#??????? | | ???# #### #???????## ##???????? #??????? | | #??# #??????## ==####???????? #???????? | | ##??# & ##????## =%##???????? #????????? | | ##?##& & #### ##???#! *%##???????? #?????????? | | #??##& ## #???# ####???? "#?????????? | | #???# ##### ##### #??????????? | | ##??## #??????????? | | #???###### % #??????????? | | #????????## ###### @% % ####??????????? | | #?????????# ##????## %== |%##?????????????? | | ##????????# #??????# | !]!=#?????????????? | | ##?????????# #?????# % *%%% #?????????????? | | #??????????# #????# # =*!= #???????????? | | #??????????## #????## #?????????? | | #???????????## ##?????## #?????????? | | #????????????#####???????## %% #?????????? | | #????????????????????????# #?????????? | | #????????????????????????# a #?????????? | | #????####????????????????# #??? #????? | | ###?## ##???????????????# a# #### ### | | ### #???????????????## a %% $ | | #????????????????## % #????? | | ##?????????????????## # # #######????? | | #???????????????????# ### #????????? | | ##?????????????????? #????????? | | ####?????????????????# #????????? | | ##????????????????????# # ##### #????????? | | # ##?????????????????????# ????#### #????????? | | ####?????????????????????? ???????? #????????? | | ?????????????????????????# ???????? !#????????? | | ?????????????????????????## ???????? %*????????? | | ??????????????????????????# # ????????###????????? | | ??????????????????????????# ##???????????????????? | +----------------------------------------------------+ Best States ------------- Heat Dissipation 25 Energy Generation 10 Energy Capacity 250 Matter Stores 300 Matter Capacity 300 Sight Range 16 Terrain Scan Range 16 Terrain Scan Density 10 Resistance: KI 20 Resistance: TH 20 Resistance: EX 20 Resistance: EM 20 Resistance: I 20 Resistance: S 20 Resistance: P 20 Evasion (%) 50 Recoil Reduction 2 Offensive Hacking 10 Authchip Count 1 Item Schematics ----------------- None Robot Schematics ------------------ None Fabricated ------------ Nothing Alien Tech Used ----------------- None Achievements -------------- None Challenges ------------ None Game ------ Seed 11235813 Manual? 1 Play Time 00:29:54 Cumulative 26.3 hours Start 2024.01.04 @ 18:53:42 End 2024.01.04 @ 19:25:12 Sessions 1 Manual Loads 0 Difficulty Adventurer Special Mode None Game No. 12 Rogue 0 Adventurer 12 Explorer 0 Win Type - Total 0 Types 0/0/0/0/0/0/0/0/0 Lore% 23 Gallery% 24 Achievement% 24 Wizard Run 0 Options --------- ASCII 0 Keyboard 0 Movement Mouse Keybinds 0 Fullscreen 1 Font 18/TerminusBold Map View 76x50 Tactical HUD 1 Map Filters NONE Filters NONE Steam 1 RUN: 32206819-4f4e-4731-a871-572d0f536d69